 Dungeon Crawl Stone Soup version 0.20.1-1-g8b1a95d (console) character file.

21840 hilaritas the Blocker (level 13, -1/109 HPs)
             Began as a Formicid Fighter on July 30, 2017.
             Was a High Priest of Okawaru.
             Killed from afar by a fire dragon (44 damage)
             ... with a blast of flame
             ... on level 1 of the Lair of Beasts.
             The game lasted 00:33:32 (14700 turns).

hilaritas the Blocker (Formicid Fighter)           Turns: 14700, Time: 00:33:33

Health: -1/109     AC: 15    Str: 31    XL:     13   Next: 23%
Magic:  0/20       EV: 13    Int: 14    God:    Okawaru [*****.]
Gold:   572        SH: 23    Dex: 10    Spells: 9/12 levels left

rFire    . . .     SeeInvis +   P - +3 battleaxe (freeze)
rCold    . . .     Gourm    .   z - +0 large shield of Cocytus {MR+ rCorr Str+3}
rNeg     . . .     Faith    .   y - +2 ring mail "Weoz" {rPois Int+5}
rPois    +         Spirit   +   (helmet unavailable)
rElec    .         Reflect  .   R - scarf {Spirit}
rCorr    +         Harm     .   c - +0 pair of gloves
MR       ++...                  p - +0 pair of boots
Stlth    ++........             (no amulet)
Regen    0.3/turn               l - +3 ring of strength
MPRegen  0.2/turn               (no ring)

@: heroism
A: permanent stasis, dig shafts and tunnels, four strong arms, antennae 3,
talons 1, thin metallic scales 1, evolution 1
a: Dig, Shaft Self, Heroism, Finesse, Renounce Religion


You were on level 1 of the Lair of Beasts.
You worshipped Okawaru.
Okawaru was extremely pleased with you.
You were not hungry.

You visited 2 branches of the dungeon, and saw 13 of its levels.
You also visited: Sewer.

You collected 753 gold pieces.
You spent 181 gold pieces at shops.

Inventory:

Hand Weapons
 D - the +2 whip of Reinforcement {flame, Dex+3}
   (You found it on level 7 of the Dungeon)

   It has been specially enchanted to burn those struck by it, causing extra
   injury to most foes and up to half again as much damage against particularly
   susceptible opponents.
   It affects your dexterity (+3).
 K - a +2 war axe of chopping
 P - a +3 battleaxe of freezing (weapon)
Missiles
 N - 8 javelins (quivered)
Armour
 c - a +0 pair of gloves (worn)
 p - a +0 pair of boots (worn)
 y - the +2 ring mail "Weoz" (worn) {rPois Int+5}
   (You found it on level 5 of the Dungeon)

   It affects your intelligence (+5).
   It protects you from poison.
 z - the +0 large shield of Cocytus (worn) {MR+ rCorr Str+3}
   (Okawaru gifted it to you on level 10 of the Dungeon)

   It affects your strength (+3).
   It affects your resistance to hostile enchantments.
   It protects you from acid and corrosion.
 R - a scarf of spirit shield (worn)
Jewellery
 l - a +3 ring of strength (left hand)
 C - an uncursed ring of wizardry
Wands
 u - a wand of iceblast (9/15)
 v - a wand of polymorph (11/24)
 w - a wand of iceblast (5/15)
 x - a wand of flame (15/48)
 E - a wand of clouds (6/9)
 F - a wand of enslavement (12/24)
 H - a wand of acid (11/15)
 I - a wand of random effects (17/48)
 M - a wand of digging (9/24)
 Q - a wand of paralysis (11/24)
 T - a wand of digging (13/24)
 U - a wand of enslavement (16/24)
 W - a wand of iceblast (6/15)
 X - a wand of enslavement (12/24)
Scrolls
 b - 3 scrolls of enchant weapon
 g - 5 scrolls of remove curse
 h - 4 scrolls of enchant armour
 k - a scroll of amnesia
 n - 5 scrolls of identify
 r - a scroll of magic mapping
 B - 4 scrolls of fear
 J - a scroll of fog
Potions
 a - 2 potions of lignification
 d - 2 potions of might
 e - a potion of resistance
 i - 3 potions of flight {unknown}
 j - 2 potions of agility {unknown}
 m - 5 potions of curing
 o - 3 potions of heal wounds
 q - 2 potions of berserk rage {unknown}
 s - a potion of cancellation {unknown}
 A - a potion of magic {unknown}
 G - 4 potions of ambrosia
 L - 3 potions of brilliance {unknown}
 O - 2 potions of degeneration {unknown}
Books
 S - a book of Battle

   Spells                             Type                      Level
   a - Infusion                       Charms                       1
   b - Shroud of Golubria             Charms/Translocation         2
   c - Song of Slaying                Charms                       2
   d - Spectral Weapon                Hexes/Charms                 3
   e - Regeneration                   Charms/Necromancy            3
Comestibles
 f - 5 bread rations
 t - 8 meat rations
 V - 4 chunks of flesh


   Skills:
 * Level 12.6(17.6) Fighting
 - Level 10.2(15.2) Axes
 + Level 8.2(13.2) Armour
 + Level 12.9(17.9) Shields
 * Level 9.6 Invocations


You had 9 spell levels left.
You knew the following spells:

 Your Spells              Type           Power        Failure   Level  Hunger
a - Regeneration          Chrm/Necr      #.........   73%         3    ####...


Dungeon Overview and Level Annotations

Branches:
Dungeon (12/15)            Temple (0/1) D:5            Lair (1/6) D:11
    Orc (0/2) D:10

Altars:
Ashenzari
Dithmenos
Fedhas
Makhleb
Nemelex Xobeh
Okawaru
Ru
Uskayaw
Vehumet
Xom
Yredelemnul
Zin

Shops:
D:5 (   D:6 :   D:10 [   D:11 *   D:12 [


Innate Abilities, Weirdness & Mutations

You cannot be hasted, slowed, berserked, paralysed or teleported.
You can dig through walls and to a lower floor.
Your four strong arms can wield two-handed weapons with a shield.
You have a pair of large antennae on your head. (SInv)
You have sharp toenails.
You are partially covered in thin metallic scales. (AC +2)
You evolve.


Message History

The blast of flame misses you.
Found 32 gold pieces and a scroll of teleportation.
The fire dragon breathes flames at you. The blast of flame hits you!
Found a lamp of fire, a glowing plate armour and a scroll of teleportation.
You enter the shallow water.
Moving in this stuff is going to be slow.
You are engulfed in a cloud of scalding steam.
Found a phial of floods and a glowing battleaxe.
You gain the combat prowess of a mighty hero.
You are engulfed in a cloud of scalding steam.
You block the fire dragon's attack. x2
The fire dragon tramples you but does no damage.
The fire dragon breathes flames at you. The blast of flame hits you!
You slice the fire dragon!! You freeze the fire dragon!
The fire dragon is heavily wounded.
The fire dragon breathes flames at you. The blast of flame hits you!
You die...

........#
#..#
#..###..#
##..##
##.##...#
##....##
....#..##
#......#
........#
#......##
........#
##.......#
........#
#........#
........#
#......≈≈#
......<.#
#...@.≈≈≈#
........#
#≈..D§≈≈≈#
.......>#
#≈≈≈≈≈≈.≈#
........#
#≈≈≈≈≈...#
........#
#≈≈≈≈≈...#
........#
###≈≈$$..#
........#
##≈$$?.#
#######P#
###}[?# ##
})##


You could see a fire dragon.

Vanquished Creatures
  Josephine (D:10)
  Erolcha (D:11)
  A hydra (D:10)
  7 two-headed ogres
  Nergalle (D:10)
  Sonja (Lair:1)
  Pikel (D:8)
  The ghost of Frank the Cutter, a novice OpMo of Gozag (D:6)
  An ugly thing (D:12)
  A manticore (D:12)
  2 cyclopes
  A spiny frog (shapeshifter) (D:12)
  2 rime drakes (Lair:1)
  A troll (D:11)
  Grinder (D:3)
  The ghost of hilaritas the Chopper, an amateur FoFi (D:5)
  5 slime creatures (D:12)
  A hornet (D:12)
  A hippogriff (D:10)
  A meliai zombie (D:12)
  The ghost of buskinjo the Digger, an amateur OpEE (Sewer)
  A vampire (D:12)
  5 wraiths (D:10)
  2 wyverns
  3 yaks (D:9)
  A basilisk (D:12)
  A hungry ghost (D:11)
  2 wargs (D:11)
  An acid dragon (D:10)
  A water moccasin (D:10)
  5 orc warriors
  A slave (D:8)
  2 ice beasts
  2 phantoms
  2 black bears
  A sky beast (D:10)
  A necrophage (D:12)
  5 wolves (Lair:1)
  10 ogres
  3 centaurs
  2 crocodiles
  3 big kobolds (D:11)
  7 bullfrogs
  A water moccasin zombie (D:12)
  A gnoll sergeant (D:5)
  A scorpion (D:10)
  13 killer bees
  4 wights
  2 howler monkeys (D:10)
  3 crimson imps
  2 centaur zombies
  A bullfrog zombie (D:5)
  A quasit (D:10)
  2 hounds
  7 orc priests
  5 jellies
  2 bullfrog skeletons
  A centaur skeleton (D:4)
  3 iguanas
  10 orc wizards
  6 worker ants
  A hound zombie (D:11)
  A howler monkey skeleton (D:7)
  22 adders
  11 gnolls
  A worker ant zombie (D:9)
  2 shadow imps
  An adder skeleton (D:8)
  4 worms
  5 dart slugs
  9 leopard geckos
  32 orcs
  7 bats
  8 giant cockroaches
  6 goblins
  8 hobgoblins
  9 jackals (Sewer)
  6 quokkas
  6 ball pythons
  9 frilled lizards
  29 kobolds
  3 rats
  A plant (Sewer)
340 creatures vanquished.

Vanquished Creatures (others)
  A hungry ghost (D:8)
  2 slaves
  A centaur (D:8)
  An electric eel (Lair:1)
  A worker ant (D:8)
6 creatures vanquished.

Grand Total: 346 creatures vanquished

Notes
Turn   | Place    | Note
-------+----------+-------------------------------------------
     0 | D:1      | hilaritas the Formicid Fighter began the quest for the Orb.
     0 | D:1      | Reached XP level 1. HP: 18/18 MP: 1/1
    82 | D:1      | Reached XP level 2. HP: 19/24 MP: 2/2
   302 | D:1      | Reached XP level 3. HP: 28/29 MP: 3/3
   978 | D:2      | Reached XP level 4. HP: 21/35 MP: 4/4
  1125 | D:2      | Found an iron altar of Okawaru.
  1139 | D:2      | Became a worshipper of Warmaster Okawaru
  1468 | D:2      | Found a glowing silver altar of Zin.
  1820 | D:3      | Reached XP level 5. HP: 41/41 MP: 5/5
  1897 | D:3      | Reached skill level 5 in Shields
  1902 | D:3      | Reached skill level 1 in Invocations
  1935 | D:3      | Noticed Grinder
  1952 | D:3      | Killed Grinder
  1952 | D:3      | Reached skill level 5 in Axes
  1952 | D:3      | Reached XP level 6. HP: 46/47 MP: 5/7
  2007 | D:3      | Reached * piety under Okawaru
  2041 | D:3      | Reached XP level 7. HP: 51/52 MP: 8/8
  3223 | D:4      | Reached XP level 8. HP: 44/58 MP: 6/9
  3515 | D:5      | Entered Level 5 of the Dungeon
  3529 | D:5      | Found a blossoming altar of Fedhas.
  3989 | D:5      | Found a staircase to the Ecumenical Temple.
  4127 | D:5      | Found Pyffarec's Antique Weapon Boutique.
  4352 | D:5      | Noticed hilaritas's ghost (amateur FoFi)
  4367 | D:5      | Killed hilaritas's ghost
  4367 | D:5      | Reached ** piety under Okawaru
  4621 | D:5      | Found a sacrificial altar of Ru.
  4682 | D:5      | Got a heavily runed ring mail
  4693 | D:5      | Identified the +2 ring mail "Weoz" {rPois Int+5} (You found it on level 5 of the Dungeon)
  4974 | D:6      | Found a glowing drain.
  5011 | Sewer    | Entered a sewer
  5215 | Sewer    | Noticed buskinjo's ghost (amateur OpEE)
  5227 | Sewer    | Killed buskinjo's ghost
  5227 | Sewer    | Reached XP level 9. HP: 50/64 MP: 8/11
  5738 | D:6      | Found Dyogeahu's Book Emporium.
  5824 | D:6      | Found a hide-covered altar of Uskayaw.
  6117 | D:6      | Noticed Frank's ghost (novice OpMo)
  6139 | D:6      | Killed Frank's ghost
  6139 | D:6      | Reached skill level 10 in Axes
  6206 | D:6      | Found a burning altar of Makhleb.
  6207 | D:6      | Found a shimmering altar of Xom.
  6236 | D:6      | Reached *** piety under Okawaru
  6506 | D:7      | Found a shattered altar of Ashenzari.
  6694 | D:7      | Got an ichor-stained whip
  6695 | D:7      | Identified the +2 whip of Reinforcement {flame, Dex+3} (You found it on level 7 of the Dungeon)
  6920 | D:7      | Reached skill level 5 in Invocations
  7213 | D:8      | Found a radiant altar of Vehumet.
  7484 | D:8      | Noticed Pikel
  7498 | D:8      | Killed Pikel
  7498 | D:8      | Reached **** piety under Okawaru
  7498 | D:8      | Reached skill level 5 in Fighting
  7498 | D:8      | Reached XP level 10. HP: 67/74 MP: 10/14
  7500 | D:8      | Found a shadowy altar of Dithmenos.
  8117 | D:8      | Found a basalt altar of Yredelemnul.
  8660 | D:8      | Noticed a two-headed ogre
  8671 | D:8      | Killed a two-headed ogre
  8671 | D:8      | Reached skill level 5 in Armour
  9087 | D:8      | Noticed a two-headed ogre
  9095 | D:8      | Killed a two-headed ogre
  9095 | D:8      | Reached ***** piety under Okawaru
  9434 | D:9      | Found a sparkling altar of Nemelex Xobeh.
  9777 | D:9      | Reached skill level 10 in Shields
  9777 | D:9      | Reached XP level 11. HP: 62/83 MP: 16/16
 10438 | D:10     | Entered Level 10 of the Dungeon
 10438 | D:10     | Noticed Nergalle
 10462 | D:10     | Killed Nergalle
 10462 | D:10     | Received a gift from Okawaru
 10463 | D:10     | Got a faintly humming large shield {god gift}
 10476 | D:10     | Identified the +0 large shield of Cocytus {MR+ rCorr Str+3} (Okawaru gifted it to you on level 10 of the Dungeon)
 10679 | D:10     | Noticed a two-headed ogre
 10683 | D:10     | Killed a two-headed ogre
 10684 | D:10     | Noticed a five-headed hydra
 10697 | D:10     | Killed a five-headed hydra
 10702 | D:10     | Found a staircase to the Orcish Mines.
 10731 | D:10     | Found Fiduf's Antique Armour Shoppe.
 10909 | D:10     | Noticed Josephine
 10928 | D:10     | Killed Josephine
 11229 | D:10     | Bought a pair of gloves for 121 gold pieces
 11489 | D:11     | Received a gift from Okawaru
 11489 | D:11     | Reached skill level 10 in Fighting
 11656 | D:11     | Reached XP level 12. HP: 97/97 MP: 18/18
 11984 | D:11     | Learned a level 3 spell: Regeneration
 12027 | D:11     | Noticed a two-headed ogre
 12033 | D:11     | Killed a two-headed ogre
 12387 | D:11     | Found Saply's General Store.
 12392 | D:11     | Bought a scroll of identify for 30 gold pieces
 12392 | D:11     | Bought a scroll of identify for 30 gold pieces
 12435 | D:11     | Gained mutation: Armour fits poorly on your strangely shaped body. [potion of mutation]
 12435 | D:11     | Gained mutation: Your spells are a little harder to cast, but a little more powerful. [potion of mutation]
 12436 | D:11     | Lost mutation: Your spells are a little harder to cast, but a little more powerful. [potion of mutation]
 12436 | D:11     | Lost mutation: Armour fits poorly on your strangely shaped body. [potion of mutation]
 12436 | D:11     | Gained mutation: You expend magic power (3 MP) to strengthen your wands. [potion of mutation]
 12436 | D:11     | Gained mutation: You have an increased reservoir of magic. (+10% MP) [potion of mutation]
 12436 | D:11     | Gained mutation: Your spells are a little harder to cast, but a little more powerful. [potion of mutation]
 12437 | D:11     | Lost mutation: Your spells are a little harder to cast, but a little more powerful. [potion of mutation]
 12437 | D:11     | Lost mutation: You expend magic power (3 MP) to strengthen your wands. [potion of mutation]
 12437 | D:11     | Lost mutation: You have an increased reservoir of magic. (+10% MP) [potion of mutation]
 12437 | D:11     | Gained mutation: You are clumsy. (Dex -2) [potion of mutation]
 12437 | D:11     | Gained mutation: Your muscles are strong. (Str +2) [potion of mutation]
 12437 | D:11     | Lost mutation: Your muscles are strong. (Str +2) [potion of mutation]
 12437 | D:11     | Gained mutation: You evolve. [potion of mutation]
 12438 | D:11     | Lost mutation: You are clumsy. (Dex -2) [potion of mutation]
 12438 | D:11     | Lost mutation: You evolve. [potion of mutation]
 12438 | D:11     | Gained mutation: Your body sometimes deteriorates upon taking damage. [potion of mutation]
 12438 | D:11     | Gained mutation: Scrolls take you a little longer to read. [potion of mutation]
 12438 | D:11     | Gained mutation: Your muscles are strong. (Str +2) [potion of mutation]
 12480 | D:11     | Found a staircase to the Lair.
 12482 | D:11     | Noticed a two-headed ogre
 12489 | D:11     | Noticed Erolcha
 12491 | D:11     | Killed a two-headed ogre
 12498 | D:11     | Killed Erolcha
 12879 | D:12     | Noticed a two-headed ogre
 12884 | D:12     | Killed a two-headed ogre
 13015 | D:12     | Noticed a two-headed ogre
 13027 | D:12     | Killed a two-headed ogre
 13071 | D:11     | Lost mutation: Scrolls take you a little longer to read. [potion of mutation]
 13071 | D:11     | Lost mutation: Your muscles are strong. (Str +2) [potion of mutation]
 13071 | D:11     | Lost mutation: Your body sometimes deteriorates upon taking damage. [potion of mutation]
 13071 | D:11     | Gained mutation: You evolve. [potion of mutation]
 13071 | D:11     | Gained mutation: You are partially covered in thin metallic scales. (AC +2) [potion of mutation]
 13303 | D:12     | Found Dibbo's Armour Shop.
 13576 | D:12     | Reached XP level 13. HP: 103/108 MP: 18/20
 13634 | D:12     | Gained mutation: You have sharp toenails. [evolution]
 13935 | Lair:1   | Entered Level 1 of the Lair of Beasts
 14045 | Lair:1   | Noticed Sonja
 14070 | Lair:1   | Killed Sonja
 14070 | Lair:1   | Received a gift from Okawaru
 14693 | Lair:1   | Noticed a fire dragon
 14700 | Lair:1   | Killed from afar by a fire dragon

Skill      XL: |  1  2  3  4  5  6  7  8  9 10 11 12 |
---------------+-------------------------------------+-----
Shields        | 4 5 6 7 8 10 12 | 12.9
Axes           | 3 5 7 9 10 | 10.2
Invocations    | 2 3 5 6 8 9 |  9.6
Fighting       | 5 6 10 12 | 12.6
Armour         | 5 7 8 |  8.2

Action                   |  1- 3 |  4- 6 |  7- 9 | 10-12 | 13-15 || total
-------------------------+-------+-------+-------+-------+-------++-------
Melee: War axe           |    97 |   150 |   479 |   215 |       ||   941
       Unarmed           |       |    11 |       |       |       ||    11
       Battleaxe         |       |       |       |   247 |    57 ||   304
       Whip              |       |       |       |     9 |       ||     9
Throw: Javelin           |       |       |       |    11 |       ||    11
Invok: Heroism           |       |       |     9 |    10 |     3 ||    22
  Use: Scroll            |       |       |    15 |     8 |     1 ||    24
       Potion            |       |       |     2 |     6 |       ||     8
  Eat: Chunk             |       |     4 |    13 |    14 |     4 ||    35
       Bread ration      |       |       |     1 |     1 |       ||     2
       Fruit             |       |       |     1 |       |       ||     1
       Royal jelly       |       |       |       |     2 |       ||     2
Armor: Scale mail        |    42 |    11 |       |       |       ||    53
       Chain mail        |       |    73 |   104 |       |       ||   177
       Skin              |       |     2 |       |       |       ||     2
       Ring mail         |       |       |    44 |    97 |    12 ||   153
Dodge: Dodged            |    42 |    61 |   121 |   119 |    22 ||   365
Block: Shield            |    71 |   109 |   267 |   132 |       ||   579
       Large shield      |       |       |       |   252 |    85 ||   337
